 Dungeon Crawl Stone Soup version 0.25-a0-610-gd0df705f03 (webtiles) character file.

Game seed: 799336582576605275, levelgen mode: deterministic

35 Linuka the Chopper (level 3, -1/23 HPs)
             Began as a Gargoyle Fighter on Mar 16, 2020.
             Slain by Sigmund
             ... wielding a +0 scythe
              (8 damage)
             ... on level 2 of the Dungeon.
             The game lasted 00:04:12 (1266 turns).

Linuka the Chopper (Gargoyle Fighter)               Turns: 1266, Time: 00:04:13

Health: -1/23      AC: 11    Str: 20    XL:     3   Next: 33%
Magic:  3/3        EV:  7    Int:  8    God:
Gold:   90         SH:  0    Dex:  9    Spells: 2/2 levels left

rFire    . . .     SeeInvis .   a - +0 war axe
rCold    . . .     Gourm    .   c - +0 kite shield
rNeg     + . .     Faith    .   b - +0 scale mail
rPois    ∞         Spirit   .   h - +0 helmet (curse)
rElec    +         Reflect  .   (no cloak)
rCorr    .         Harm     .   (no gloves)
MR       .....                  (no boots)
Stlth    ..........             (no amulet)
HPRegen  0.07/turn              (no ring)
MPRegen  0.08/turn              (no ring)

@: confused
A: negative energy resistance 1, electricity resistance, unbreathing,
petrification resistance, rot immunity, AC +3
a: no special abilities


You were on level 2 of the Dungeon.
You were not hungry.

You visited 1 branch of the dungeon, and saw 2 of its levels.

You collected 90 gold pieces.

Inventory:

Hand Weapons
 a - a +0 war axe (weapon)
Missiles
 Q - 57 stones (quivered)
Armour
 b - a +0 scale mail (worn)
 c - a +0 kite shield (worn)
 h - a cursed +0 helmet (worn)
Scrolls
 e - a scroll of teleportation {unknown}
 g - a scroll of identify {unknown}
 j - a scroll of fear {unknown}
Potions
 d - a potion of might
 i - a potion of curing {unknown}
 k - a potion of magic {unknown}
Comestibles
 f - 3 rations


   Skills:
 - Level 3.2 Fighting
 * Level 3.3 Axes
 - Level 3.2 Armour
 - Level 3.2 Shields


You had 2 spell levels left.
You didn't know any spells.
Your spell library was empty.

Dungeon Overview and Level Annotations

Branches:
Dungeon (2/15)

Altars:

Annotations:
D:2 Sigmund


Innate Abilities, Weirdness & Mutations

You are resistant to torment.
Your stone body is resilient. (AC +3)
You are immune to poison.
You resist negative energy. (rN+)
You are resistant to electric shocks. (rElec)
You can survive without breathing.
You are immune to petrification.
You are immune to rotting.


Message History

You closely miss Sigmund. Sigmund hits you with a +0 scythe.
You take 6 damage, and have 17/23 hp.
MASSIVE DAMAGE!!
You hit Sigmund. You block Sigmund's attack.
You hit Sigmund but do no damage. You block Sigmund's attack.
You completely miss Sigmund. Sigmund hits you with a +0 scythe!
* * * LOW HITPOINT WARNING * * *
You take 10 damage, and have 7/23 hp.
MASSIVE DAMAGE!!
You closely miss Sigmund. Sigmund hits you but does no damage.
You hit Sigmund. Sigmund closely misses you.
You closely miss Sigmund. Sigmund hits you but does no damage.
You barely miss Sigmund. Sigmund casts a spell at you.
You are confused.
You miss Sigmund. Sigmund hits you but does no damage.
A gnoll comes into view. It is wielding a +0 flail.
The gnoll shouts!
You hear a shout!
Sigmund hits you from afar with a +0 scythe!
You die...

#..............!..
#......(..........
....g............
.............$S.
#.....#.†...# #.#
#.....## #.#
#.##### ####.###.#
#..@.....#
#<...@..##
#>......## ##
##).......###...
#.............#
#..........####
#..........#
#..........#
#..........###


You could see Sigmund and a gnoll.

Levels and vault maps discovered:
D:1:      lightli_arrival_windingriver, layout_basic, minmay_tetromino_l2
D:2:      layout_rooms, first_ration, doesnt_xom_only_xom, uniq_sigmund

Notes
Turn   | Place    | Note
-------+----------+-------------------------------------------
     0 | D:1      | Linuka the Gargoyle Fighter began the quest for the Orb.
     0 | D:1      | Reached XP level 1. HP: 14/14 MP: 1/1
    40 | D:1      | Identified a +0 club
    51 | D:1      | Reached skill level 2 in Axes
   113 | D:1      | Identified a cursed +0 helmet (You found it on level 1 of
                  | the Dungeon)
   125 | D:1      | Reached XP level 2. HP: 19/19 MP: 2/2
   128 | D:1      | Identified a +0 club
   163 | D:1      | Identified a +0 club
   255 | D:1      | Identified a +0 dagger
   466 | D:1      | Identified a +0 whip
   552 | D:1      | Reached skill level 3 in Axes
   738 | D:1      | Identified a +0 dagger
   745 | D:1      | Identified a +0 club
   747 | D:1      | Reached XP level 3. HP: 23/23 MP: 3/3
   811 | D:1      | Identified a +0 short sword
   855 | D:2      | Identified a +0 dagger
  1021 | D:2      | Identified a +0 scythe
  1021 | D:2      | Identified a +0 robe
  1021 | D:2      | Noticed Sigmund
  1266 | D:2      | Identified a +0 flail
  1266 | D:2      | Slain by Sigmund

Table legend:
 A = Turns spent in this place as a percentage of turns spent in the entire game.
 B = Non-inter-level travel turns spent in this place as a percentage of non-inter-level travel turns spent in the entire game.
 C = Inter-level travel turns spent in this place as a percentage of turns spent in this place.
 D = Turns resting spent in this place as a percentage of non-inter-level travel turns spent in this place.
 E = Turns spent auto-exploring this place as a percentage of non-inter-level travel turns spent in this place.
 F = Non-inter-level travel turns spent in this place divided by the number of levels of this place that you've seen.
                   A       B       C       D       E      F
               +-------+-------+-------+-------+-------+----------------------
         Total | 100.0 | 100.0 |   1.9 |  15.5 |  67.5 | 621.0
       Dungeon | 100.0 | 100.0 |   1.9 |  15.5 |  67.5 | 621.0
               +-------+-------+-------+-------+-------+----------------------

Table legend:
 A = Kills in this place as a percentage of kills in entire the game.
 B = Kills by you in this place as a percentage of kills by you in the entire game.
 C = Kills by friends in this place as a percentage of kills by friends in the entire game.
 D = Other kills in this place as a percentage of other kills in the entire game.
 E = Experience gained in this place as a percentage of experience gained in the entire game.
 F = Experience gained in this place divided by the number of levels of this place that you have seen.
                   A       B       C       D       E      F
               +-------+-------+-------+-------+-------+----------------------
         Total | 100.0 | 100.0 |   N/A |   N/A | 100.0 |  25.0
       Dungeon | 100.0 | 100.0 |   N/A |   N/A | 100.0 |  25.0
               +-------+-------+-------+-------+-------+----------------------

Skill      XL: |  1  2 |
---------------+-------+-----
Axes           | 2 3 |  3.3
Fighting       | |  3.2
Armour         | |  3.2
Shields        | |  3.2

Action                   || total
-------------------------++-------
Melee: War axe           ||   104
  Eat: Chunk             ||     1
Armor: Scale mail        ||    49
Dodge: Dodged            ||    34
Block: Kite shield       ||    58

Vanquished Creatures
  An ooze (D:1)
  An adder skeleton (D:2)
  3 giant cockroaches (D:1)
  5 goblins
  3 hobgoblins (D:1)
  A quokka (D:2)
  2 bats (D:2)
  7 kobolds
  4 rats (D:1)
27 creatures vanquished.
